 Dungeon Crawl Stone Soup version 0.31.0-32-g396128a36d (webtiles) character file.

Game seed: 13679010454837214762

8 zdzicho121 the Apothecary (level 2, 19/19 HPs)
             Began as a Demonspawn Alchemist on Mar 21, 2024.
             Got out of the dungeon alive.
             The game lasted 00:00:32 (217 turns).

zdzicho121 the Apothecary (Demonspawn Alchemist)     Turns: 217, Time: 00:00:32

Health: 19/19      AC:  2    Str:  8    XL:     2   Next: 0%
Magic:  2/5        EV: 12    Int: 15    God:
Gold:   7          SH:  0    Dex: 13    Spells: 4/5 levels left

rFire   . . .        (no weapon)
rCold   . . .        (no shield)
rNeg    . . .        a - +0 robe
rPois   .            (no helmet)
rElec   .            (no cloak)
rCorr   .            (no gloves)
SInv    .            (no boots)
Will    .....        (no amulet)
Stlth   ++           (no ring)
HPRegen 0.23/turn    (no ring)
MPRegen 0.09/turn

%: no passive effects
@: no status effects
A: spiny 1
a: no special abilities


You escaped.
You visited 1 branch of the dungeon, and saw 1 of its levels.

You collected 7 gold pieces.

Inventory:

Armour
 a - a +0 robe (worn)
Potions
 b - a potion of magic


   Skills:
 + Level 0.1 Fighting
 + Level 2.0 Dodging
 + Level 1.7 Stealth
 + Level 2.1 Spellcasting
 + Level 1.2 Conjurations
 + Level 3.2 Alchemy


You had 4 spell levels left.
You knew the following spells:

 Your Spells              Type           Power      Damage    Failure   Level
a - Sting                 Conj/Alch      32%        1d5       9%          1

Your spell library contained the following spells:

 Spells                   Type           Power      Damage    Failure   Level
 Mercury Vapours          Alch/Air       12%        N/A       17%         2
 Mephitic Cloud           Conj/Alch/Air  5%         N/A       36%         3
 Olgreb's Toxic Radiance  Alch           11%        N/A       52%         4
 Sticky Flame             Fire/Alch      6%         2d4       75%         4


Dungeon Overview and Level Annotations

Branches:
Dungeon (1/15)

Altars:


Innate Abilities, Weirdness & Mutations

You are partially covered in sharp spines.


Message History

Found an escape hatch in the floor.
The sting hits the hobgoblin.
The hobgoblin is poisoned.
The hobgoblin is lightly wounded.
The hobgoblin shouts!
You miscast Sting.
You are very lightly contaminated with residual magic.
Nothing appears to happen.
The sting hits the hobgoblin.
The hobgoblin looks even sicker.
You kill the hobgoblin!
Your Dodging skill increases to level 2!
You are out of magic!
Your magical contamination has completely faded away.
A kobold comes into view. It is wielding a +0 dagger.
A kobold is nearby!
A rat comes into view.
The sting hits the kobold but does no damage.
The kobold is poisoned.
The kobold shouts!
The rat squeaks loudly.
The sting hits the kobold.
The kobold looks even sicker.
The kobold is moderately wounded.
The sting hits the kobold.
The kobold looks even sicker.
You kill the kobold!
The rat twitches its whiskers.
You are out of magic!
You are out of magic!
No target in view!
A quokka comes into view.
Things that are here:
a +0 short sword; 5 stones
There is an open gate here.
The sting hits the rat.
The rat is poisoned.
The rat is heavily wounded.
You closely miss the rat.
The rat is heavily wounded.
You kill the rat!
You have reached level 2!
Your demonic ancestry asserts itself...
Sharp spines emerge from parts of your body.
There is a staircase leading out of the dungeon here.
You have escaped!

###############
#......@......#
#.......†..[..#
##...#####...##
#†..## ##...#
##...# #...##
#...###...#
##...#...##
#...#...#
##.....##


There were no monsters in sight!

Vanquished Creatures
  A dart slug (D:1)
  A hobgoblin (D:1)
  A bat (D:1)
  A frilled lizard (D:1)
  2 kobolds (D:1)
  A rat (D:1)
7 creatures vanquished.

Notes
Turn   | Place    | Note
-------+----------+-------------------------------------------
     0 | D:1      | zdzicho121 the Demonspawn Alchemist began the quest for the
                  | Orb.
     0 | D:1      | Reached XP level 1. HP: 13/13 MP: 3/3
   203 | D:1      | Gained mutation: You are partially covered in sharp spines.
                  | [demonic ancestry]
   203 | D:1      | Reached XP level 2. HP: 19/19 MP: 1/5
   217 | D:$      | Got out of the dungeon alive.

Illustrated notes

Levels and vault maps discovered:
D:1:      lemuel_arrival_funnel, layout_loops_ring

Skill      XL: |  1 |
---------------+----+-----
Dodging        | 2 |  2.0
Fighting       | |  0.1
Stealth        | |  1.7
Spellcasting   | |  2.1
Conjurations   | |  1.2
Alchemy        | |  3.2

Action                     || total
---------------------------++-------
  Melee: Unarmed           ||    13
         Punch             ||     1
   Cast: Sting             ||    12
 Armour: Robe              ||    26
  Dodge: Dodged            ||    39
